 Dungeon Crawl Stone Soup version 0.22-a0-265-g0d8bc90 (webtiles) character file.

18 JeffiDaFish the Firebug (level 2, -1/15 HPs)
             Began as a Tengu Fire Elementalist on Mar 7, 2018.
             Slain by a gnoll
             ... wielding a +0 club
              (4 damage)
             ... on level 1 of the Dungeon.
             The game lasted 00:02:43 (1017 turns).

JeffiDaFish the Firebug (Tengu Fire Elementalist)   Turns: 1017, Time: 00:02:45

Health: -1/15      AC:  2    Str:  6 (8)  XL:     2   Next: 70%
Magic:  0/6        EV: 12    Int: 13 (15) God:
Gold:   31         SH:  0    Dex: 11 (14) Spells: 4/5 levels left

rFire    . . .     SeeInvis .   f - +0 dagger
rCold    . . .     Gourm    .   (no shield)
rNeg     . . .     Faith    .   a - +0 robe
rPois    .         Spirit   .   (helmet restricted)
rElec    .         Reflect  .   (no cloak)
rCorr    .         Harm     .   (no gloves)
MR       .....                  (boots unavailable)
Stlth    ++........             (no amulet)
HPRegen  0.05/turn              (no ring)
MPRegen  0.10/turn              (no ring)

@: very slightly contaminated
A: beak, talons 3
a: no special abilities


You were on level 1 of the Dungeon.
You were not hungry.

You visited 1 branch of the dungeon, and saw 1 of its levels.

You collected 31 gold pieces.

Inventory:

Hand Weapons
 f - a +0 dagger (weapon)
Armour
 a - a +0 robe (worn)
Jewellery
 e - an uncursed amulet of faith {unknown}
Scrolls
 d - a scroll of enchant weapon
 g - a scroll of identify
Comestibles
 b - 3 chunks of flesh
 c - a ration


   Skills:
 - Level 2.2 Dodging
 - Level 2.2 Stealth
 * Level 2.1 Spellcasting
 + Level 1.4 Conjurations
 * Level 4.0 Fire Magic


You had 4 spell levels left.
You knew the following spells:

 Your Spells              Type           Power        Failure   Level  Hunger
a - Flame Tongue          Conj/Fire      #....        9%          1    ##.....


Dungeon Overview and Level Annotations

Branches:
Dungeon (1/15)

Altars:


Innate Abilities, Weirdness & Mutations

You have a beak for a mouth.
You have claws for feet.


Message History

You miscast Flame Tongue.
You are very lightly contaminated with residual magic.
Nothing appears to happen.
The gnoll hits you with a club.
You hit the gnoll but do no damage. Your kick misses the gnoll.
The gnoll is moderately wounded.
You closely miss the gnoll.
The gnoll is moderately wounded.
The gnoll hits you with a club!
Ouch! That really hurt!
* * * LOW HITPOINT WARNING * * *
The gnoll barely misses you.
Casting: Flame Tongue (safe; 9% risk of failure)
Confirm with . or Enter, or press ? or * to list all spells.
Aiming: Flame Tongue (safe; 9% risk of failure)
Press: ? - help, Shift-Dir - straight line, f/p - gnoll
Aim: a gnoll, wielding a club (moderately wounded)
The flame tongue hits the gnoll.
The gnoll is severely wounded.
The gnoll hits you with a club.
You die...

* ##*,* *,,,,,,,,,,,,,* *, *
#.,,* *************.# ** ###.##*
####.####******* .....#
#........,,,,,,* .....#
#........,,,,,,* .....#######
#..............# ..g..##....####
#..............#
.....##.......####......).......#
............w..g@...............#
.....##.......###...............#
.....######...###...............#
.....# #.......#...............#
.....# #.#####.#...............+
#########.# #.................#
#........# #####'####.......(#
#........# #.####...)##...
#........# #..............


You could see a gnoll and a dart slug.

Vanquished Creatures
  2 bats (D:1)
  3 giant cockroaches (D:1)
  6 hobgoblins (D:1)
  A frilled lizard (D:1)
  A goblin (D:1)
  A kobold (D:1)
  2 rats (D:1)
16 creatures vanquished.

Notes
Turn   | Place    | Note
-------+----------+-------------------------------------------
     0 | D:1      | JeffiDaFish the Tengu Fire Elementalist began the quest for the Orb.
     0 | D:1      | Reached XP level 1. HP: 10/10 MP: 4/4
   387 | D:1      | Reached XP level 2. HP: 15/15 MP: 4/6
   754 | D:1      | Reached skill level 4 in Fire Magic
  1017 | D:1      | Slain by a gnoll

Vault maps used:
D:1:      eino_arrival_cavern_a

Skill      XL: |  1  2 |
---------------+-------+-----
Fire Magic     | 4 |  4.0
Dodging        | |  2.2
Stealth        | |  2.2
Spellcasting   | |  2.1
Conjurations   | |  1.4

Action                   || total
-------------------------++-------
Melee: Unarmed           ||    13
       Kick              ||     3
       Dagger            ||     9
       Peck              ||     2
 Cast: Flame Tongue      ||    36
  Use: Scroll            ||     4
       Potion            ||     2
  Eat: Chunk             ||     1
Armor: Robe              ||     6
Dodge: Dodged            ||    24

Table legend:
 A = Spawn XP
 B = Non-spawn XP
 C = Spawn XP percentage of total XP
 D = Spawn monster count
 E = Non-spawn monster count
 F = Spawn count percentage of total count
 G = Total turns spent on level
                    A         B        C        D         E        F      G
               +---------+---------+-------+---------+---------+-------+---------
         Total |       0 |      27 |   0.0 |       0 |      16 |   0.0 |  1017
               +---------+---------+-------+---------+---------+-------+---------
           D:1 |       0 |      27 |   0.0 |       0 |      16 |   0.0 |  1017
               +---------+---------+-------+---------+---------+-------+---------
